[Event "fics rated crazyhouse match"]
[Site "fics, Oklahoma City, OK USA"]
[Date "2000.12.02"]
[White "AngelicK"]
[WhiteElo "2311"]
[Black "tantheman"]
[BlackElo "2276"]
[TimeControl "60+0"]
[Result "1-0"]

1. e4 e6 2. Nc3 Nc6 3. Nf3 Nf6 4. d4 Bb4 5. e5 Nd5 6. Bd3 
Bxc3+ 7. bxc3 Nxc3 8. Qd2 N@e4 9. Qf4 P@d2+ 10. Nxd2 Nxd2 11. Bxd2 Nd5 
12. Qg4 N@f5 13. Bxf5 exf5 14. Qxg7 Rf8 15. B@h6 Qe7 16. P@f6 Nxf6 17. Qxf8+ 
Qxf8 18. Bxf8 B@h5 19. N@f4 P@f3 20. N@g7+ Kxf8 21. Ngxh5 B@h6 22. exf6 fxg2 
23. P@g7+ Bxg7 24. fxg7+ Ke7 25. Q@f6+ Ke8 26. R@f8# 
{tantheman checkmated} 1-0

[Event "fics rated crazyhouse match"]
[Site "fics, Oklahoma City, OK USA"]
[Date "2000.12.02"]
[White "tantheman"]
[WhiteElo "2269"]
[Black "AngelicK"]
[BlackElo "2319"]
[TimeControl "60+0"]
[Result "0-1"]

1. e4 e6 2. Nc3 Nc6 3. Nf3 Nf6 4. e5 Ng4 5. d4 d6 6. exd6 
cxd6 7. Bd3 Nxf2 8. Kxf2 Nxd4 9. Nxd4 Qh4+ 10. Kf1 Bd7 11. N@f3 Qe7 
12. Bg5 f6 13. N@c7+ Kf7 14. Nxa8 fxg5 15. Nc7 B@b6 16. N7b5 Bxd4 17. Nbxd4 
N@e3+ 18. Ke2 Nxd1 19. Raxd1 P@g4 20. Rhf1 gxf3+ 21. Nxf3 N@f4+ 22. Kd2 P@b4 
23. Ne4 P@e3+ 24. Kxe3 Nd5+ 25. Kf2 Q@e3+ 26. Kg3 Kg8 27. Nxg5 Q7xg5+ 28. P@g4 
N@h5+ 29. Kh3 Ndf4# 
{tantheman checkmated} 0-1

[Event "fics rated crazyhouse match"]
[Site "fics, Oklahoma City, OK USA"]
[Date "2000.12.02"]
[White "AngelicK"]
[WhiteElo "2326"]
[Black "tantheman"]
[BlackElo "2262"]
[TimeControl "60+0"]
[Result "1-0"]

1. d4 e6 2. Nf3 b6 3. Bf4 Bb7 4. e3 Nf6 5. Be2 d6 6. O-O 
Be7 7. Nc3 O-O 8. Ng5 c5 9. Nxf7 Rxf7 10. P@g5 Nd5 11. Nxd5 Bxd5 
12. dxc5 Bxg5 13. cxd6 Bxf4 14. exf4 Qxd6 15. B@e5 Qc6 16. P@f3 N@h4 17. N@g5 
Nxg2 18. Nxf7 Nh4 19. P@g2 Nd7 20. Ng5 Nxe5 21. fxe5 N@f4 22. N@e7+ Kf8 
23. R@f7+ Ke8 24. Nxc6 
{tantheman resigns} 1-0

[Event "fics rated crazyhouse match"]
[Site "fics, Oklahoma City, OK USA"]
[Date "2000.12.02"]
[White "tantheman"]
[WhiteElo "2255"]
[Black "AngelicK"]
[BlackElo "2333"]
[TimeControl "60+0"]
[Result "1-0"]

1. e3 e6 2. b3 Nc6 3. Bb2 d5 4. Nf3 Nf6 5. d4 Be7 6. Bd3 
O-O 7. O-O Ne4 8. Nbd2 Nxd2 9. Qxd2 b6 10. c4 dxc4 11. bxc4 Bb7 
12. d5 Nb4 13. P@h6 gxh6 14. dxe6 fxe6 15. Bxh7+ Kxh7 16. Qxd8 B@f6 17. Qxe7# 
{AngelicK resigns} 1-0

[Event "fics rated crazyhouse match"]
[Site "fics, Oklahoma City, OK USA"]
[Date "2000.12.02"]
[White "AngelicK"]
[WhiteElo "2323"]
[Black "tantheman"]
[BlackElo "2265"]
[TimeControl "60+0"]
[Result "1-0"]

1. d4 e6 2. Nf3 Nc6 3. Bf4 Nf6 4. e3 d6 5. Be2 Be7 6. O-O 
O-O 7. Nc3 Bd7 8. e4 d5 9. e5 Ne4 10. Bd3 Nxc3 11. bxc3 N@e4 
12. Bxe4 dxe4 13. Nd2 B@f5 14. N@g3 f6 15. exf6 Bxf6 16. Ndxe4 Bxe4 17. Nxe4 
N@d5 18. Nxf6+ Qxf6 19. B@e5 Nxf4 20. Bxf6 Rxf6 21. N@g4 Rg6 22. B@f3 B@f5 
23. P@g3 Bxg4 24. Bxg4 P@f5 25. gxf4 fxg4 26. P@h5 B@f3 27. hxg6 B@e4 28. Q@f7+ 
Kh8 29. R@f8+ N@g8 30. Qxg8# 
{tantheman checkmated} 1-0

[Event "fics rated crazyhouse match"]
[Site "fics, Oklahoma City, OK USA"]
[Date "2000.12.02"]
[White "tantheman"]
[WhiteElo "2258"]
[Black "AngelicK"]
[BlackElo "2330"]
[TimeControl "60+0"]
[Result "0-1"]

1. e3 Nf6 2. b3 d5 3. Bb2 Bf5 4. Nf3 e6 5. d4 Be7 6. Bd3 
Ne4 7. O-O O-O 8. Nbd2 Nc6 9. c4 Nxd2 10. Qxd2 dxc4 11. Bxf5 exf5 
12. bxc4 B@g4 13. N@e5 P@e4 14. Nxc6 bxc6 15. Ne5 N@h4 16. d5 Bf6 17. P@e2 
Bxe2 18. Qxe2 P@h3 19. B@g3 Bxe5 20. Bgxe5 hxg2 21. B@h3 N@f3+ 22. Qxf3 Nxf3+ 
23. Kxg2 Nxe5 24. B@h5 B@f3+ 25. Bxf3 exf3+ 26. Kg1 N@e2+ 27. Kh1 P@g2+ 28. Bxg2 
fxg2+ 29. Kxg2 B@f3+ 30. Kh3 B@g4# 
{tantheman checkmated} 0-1

[Event "fics rated crazyhouse match"]
[Site "fics, Oklahoma City, OK USA"]
[Date "2000.12.02"]
[White "AngelicK"]
[WhiteElo "2336"]
[Black "tantheman"]
[BlackElo "2252"]
[TimeControl "60+0"]
[Result "1-0"]

1. d4 e6 2. Nf3 d5 3. Bf4 Nf6 4. e3 Bd6 5. Ne5 O-O 6. Be2 
Nc6 7. O-O Bd7 8. Nc3 Ne4 9. f3 Nxc3 10. bxc3 f6 11. Nxd7 Qxd7 
12. N@h5 Bxf4 13. Nxf4 N@g6 14. Nxg6 hxg6 15. N@f4 B@f7 16. B@b5 N@f5 17. Bxc6 
bxc6 18. B@f2 N@c4 19. Bxc4 dxc4 20. N@c5 Qe7 21. Nfxe6 Bxe6 22. Nxe6 Qxe6 
23. N@f4 Qe7 24. B@e6+ Kh8 25. Bxf5 B@f7 26. Bxg6 B@e8 27. Bxf7 Bxf7 28. N@g6+ 
Kh7 29. Nxe7 B@h6 30. B@e4+ g6 31. Nfxg6 Bxg6 32. Bxg6+ Kg7 33. Q@h7# 
{tantheman checkmated} 1-0

[Event "fics rated crazyhouse match"]
[Site "fics, Oklahoma City, OK USA"]
[Date "2000.12.02"]
[White "tantheman"]
[WhiteElo "2246"]
[Black "AngelicK"]
[BlackElo "2342"]
[TimeControl "60+0"]
[Result "1-0"]

1. e4 e6 2. Nc3 Nc6 3. Nf3 Bb4 4. Be2 Nf6 5. e5 Ng4 6. d4 
Bxc3+ 7. bxc3 Nxf2 8. Kxf2 N@e4+ 9. Kf1 Nxc3 10. Qd3 Nd5 11. N@h5 d6 
12. Nxg7+ Kd7 13. P@e4 Nb6 14. d5 Nb4 15. Qb5+ c6 16. Qxb4 P@c5 17. dxe6+ 
fxe6 18. Qb3 P@f7 19. B@h3 P@d5 20. Bg5 Qg8 21. N@f6+ Kc7 22. Nxg8 dxe5 
23. Q@d8# 
{AngelicK resigns} 1-0

[Event "fics rated crazyhouse match"]
[Site "fics, Oklahoma City, OK USA"]
[Date "2000.12.02"]
[White "AngelicK"]
[WhiteElo "2332"]
[Black "tantheman"]
[BlackElo "2256"]
[TimeControl "60+0"]
[Result "0-1"]

1. d4 e6 2. Nf3 d5 3. Bf4 Bd6 4. e3 Bxf4 5. exf4 Nf6 6. Be2 
Ne4 7. O-O O-O 8. Nbd2 Nc6 9. c3 Bd7 10. B@d3 B@g6 11. Ne5 Nxe5 
12. dxe5 Nxd2 13. Qxd2 N@e4 14. Bxe4 dxe4 15. N@f6+ gxf6 16. N@h6+ Kh8 17. exf6 
Qxf6 18. P@g5 Qd8 19. N@g3 P@g7 20. Nxe4 Bxe4 21. P@f6 gxh6 22. gxh6 Qxf6 
23. P@g7+ Kg8 24. gxf8=Q+ Rxf8 25. R@g7+ Kh8 26. Qxd7 B@c6 27. B@e5 Bxd7 28. Bxf6 
N@h3+ 29. gxh3 Q@h1# 
{AngelicK checkmated} 0-1

[Event "fics rated crazyhouse match"]
[Site "fics, Oklahoma City, OK USA"]
[Date "2000.12.02"]
[White "tantheman"]
[WhiteElo "2266"]
[Black "AngelicK"]
[BlackElo "2322"]
[TimeControl "60+0"]
[Result "1-0"]

1. e4 e6 2. Nc3 b6 3. Nf3 Bb7 4. d4 Nf6 5. Bd3 Bb4 6. Bg5 
Nxe4 7. Bxd8 Kxd8 8. Bxe4 Bxe4 9. Q@h4+ P@f6 10. Qxe4 B@c6 11. Qee2 Bxc3+ 
12. bxc3 N@f4 13. Qf1 Bxf3 14. Qxf3 Nd5 15. B@a3 N@g5 16. Qg3 d6 17. Bxd6 
cxd6 18. Qxd6+ Nd7 19. P@b7 Rb8 20. B@e7+ Nxe7 21. P@c7+ Ke8 22. cxb8=Q+ Nxb8 
23. R@d8# 
{AngelicK checkmated} 1-0

[Event "fics rated crazyhouse match"]
[Site "fics, Oklahoma City, OK USA"]
[Date "2000.12.02"]
[White "AngelicK"]
[WhiteElo "2313"]
[Black "tantheman"]
[BlackElo "2275"]
[TimeControl "60+0"]
[Result "0-1"]

1. d4 e6 2. Nf3 Nc6 3. Bf4 Nf6 4. e3 d6 5. Be2 Be7 6. O-O 
Bd7 7. Nc3 O-O 8. e4 b6 9. e5 dxe5 10. dxe5 Ng4 11. P@h6 gxh6 
12. Ne4 Re8 13. h3 Nxf2 14. Rxf2 P@g7 15. Bxh6 gxh6 16. N@f6+ Kh8 17. Nxd7 
P@g7 18. P@f6 gxf6 19. exf6 Bxf6 20. Ndxf6 Qxd1+ 21. Rxd1 P@g7 22. Nxe8 B@e3 
23. P@f6 Bxf2+ 24. Nxf2 R@g6 25. fxg7+ Rxg7 26. Nxg7 P@g3 27. Ng4 P@f2+ 28. Kh1 
Q@g1+ 29. Rxg1 fxg1=Q+ 30. Kxg1 P@f2+ 31. Nxf2 gxf2+ 32. Kxf2 N@e4+ 33. Ke3 Nf6 
34. P@e5 Nd5+ 35. Kf2 Rg8 36. Nh5 Rxg2+ 37. Kxg2 Ne3+ 38. Kf2 R@g2+ 39. Kxe3 
P@d4+ 40. Nxd4 Rxe2+ 41. Kxe2 B@f3+ 42. Kd3 Nxe5+ 43. Ke3 P@f4+ 44. Kxf4 Ng6+ 
45. Kg3 Bxh5 46. Q@g7+ Kxg7 47. Q@f6+ Kxf6 48. B@d5 Ke7 49. P@e5 Kd7 50. P@d6 
Kc8 51. Kg2 Q@f4 
{AngelicK forfeits on time} 0-1

[Event "fics rated crazyhouse match"]
[Site "fics, Oklahoma City, OK USA"]
[Date "2000.12.02"]
[White "tantheman"]
[WhiteElo "2284"]
[Black "AngelicK"]
[BlackElo "2304"]
[TimeControl "60+0"]
[Result "1-0"]

1. e4 Nf6 2. Nc3 d5 3. exd5 Nxd5 4. Nf3 Nxc3 5. bxc3 e5 6. Nxe5 
Nc6 7. Bb5 Bd7 8. Bxc6 Bxc6 9. Qe2 P@e6 10. Nxc6 bxc6 11. B@b7 B@d5 
12. Bxa8 Qxa8 13. P@e4 N@f4 14. N@a6 B@b6 15. R@b8+ Qxb8 16. P@d7+ Kxd7 17. Nxb8+ 
Kc8 18. Qa6# 
{AngelicK resigns} 1-0

[Event "fics rated crazyhouse match"]
[Site "fics, Oklahoma City, OK USA"]
[Date "2000.12.02"]
[White "AngelicK"]
[WhiteElo "2296"]
[Black "tantheman"]
[BlackElo "2292"]
[TimeControl "60+0"]
[Result "1-0"]

1. d4 e6 2. Nf3 b6 3. Bf4 Bb7 4. e3 Nf6 5. Be2 d6 6. O-O 
Be7 7. c4 Nbd7 8. Nc3 O-O 9. Qc2 c5 10. Rad1 cxd4 11. exd4 P@e4 
12. Ng5 d5 13. cxd5 exd5 14. P@e5 Rc8 15. exf6 Nxf6 16. P@e5 P@b4 17. N@f5 
bxc3 18. bxc3 P@h6 19. Nxe7+ Qxe7 20. exf6 Qxf6 21. B@e5 Qd8 22. N@f5 P@f6 
23. P@e7 fxe5 24. exd8=Q Rcxd8 25. Bxe5 N@e8 26. P@e7 Nf6 27. Bxf6 hxg5 28. Nh6+ 
Kh8 29. Q@g8# 
{tantheman resigns} 1-0

[Event "fics rated crazyhouse match"]
[Site "fics, Oklahoma City, OK USA"]
[Date "2000.12.02"]
[White "tantheman"]
[WhiteElo "2284"]
[Black "AngelicK"]
[BlackElo "2304"]
[TimeControl "60+0"]
[Result "0-1"]

1. e4 e6 2. Nc3 Nc6 3. Nf3 Nf6 4. e5 d5 5. d4 Ne4 6. Be2 
Bb4 7. Bd2 Bxc3 8. bxc3 Nxf2 9. Kxf2 P@e3+ 10. Bxe3 N@g4+ 11. Kg1 Nxe3 
12. B@h4 Qxh4 13. Nxh4 Nxd1 14. Rxd1 B@e3+ 15. P@f2 Bxf2+ 16. Kxf2 Q@f4+ 17. N@f3 
B@e3+ 18. Kf1 Nxd4 19. B@g5 Qxg5 20. Nxg5 Bxg5 21. cxd4 N@e3+ 22. Ke1 Nxc2+ 
23. Kf2 Bxh4+ 24. g3 B@e3+ 25. Kg2 Bxd4 26. N@b5 Ne3+ 27. Kh3 N@f2+ 28. Kxh4 
P@g5+ 29. Kxg5 h6+ 30. Kh4 g5+ 31. Kh5 P@g6# 
{tantheman checkmated} 0-1

[Event "fics rated crazyhouse match"]
[Site "fics, Oklahoma City, OK USA"]
[Date "2000.12.02"]
[White "AngelicK"]
[WhiteElo "2312"]
[Black "tantheman"]
[BlackElo "2276"]
[TimeControl "60+0"]
[Result "1-0"]

1. d4 e6 2. Nf3 b6 3. Bf4 Bb7 4. e3 Nf6 5. Be2 d6 6. O-O 
Be7 7. c4 O-O 8. Nc3 Nbd7 9. Qc2 c5 10. e4 Rc8 11. e5 cxd4 
12. exf6 Bxf6 13. N@h5 dxc3 14. Nxf6+ Nxf6 15. bxc3 P@g4 16. Ng5 N@h3+ 17. gxh3 
gxh3 18. Nxh3 P@g2 19. Rfd1 P@g4 20. P@g5 gxh3 21. gxf6 Qxf6 22. B@g5 N@h4 
23. P@f3 Qf5 24. N@e7+ Kh8 25. Nxf5 exf5 26. Bxh4 N@g6 27. Bhg3 N@h4 28. Bxd6 
Rfd8 29. P@h6 gxh6 30. Bde5+ P@g7 31. Bxg7+ Kxg7 32. N@h5+ Kf8 33. P@g7+ Ke7 
34. Q@f6+ Ke8 35. g8=Q+ B@f8 36. Ng7# 
{tantheman checkmated} 1-0

[Event "fics rated crazyhouse match"]
[Site "fics, Oklahoma City, OK USA"]
[Date "2000.12.02"]
[White "tantheman"]
[WhiteElo "2269"]
[Black "marcusm"]
[BlackElo "2312"]
[TimeControl "180+0"]
[Result "0-1"]

1. e4 Nf6 2. Nc3 d5 3. exd5 Nxd5 4. Nf3 Bg4 5. Be2 Nf4 6. Rg1 
Nc6 7. P@h3 Bh5 8. d3 Nxe2 9. Qxe2 Nd4 10. Qd1 Bxf3 11. gxf3 P@e2 
12. Qxe2 Nxe2 13. Nxe2 e6 14. B@g5 Qd7 15. N@e5 Q@a5+ 16. Bcd2 Qxe5 17. Bc3 
B@b4 18. P@d2 Bxc3 19. dxc3 Qxh2 20. B@f4 N@g2+ 21. Rxg2 Qxg2 22. N@g3 P@h2 
23. O-O-O R@a1+ 24. N@b1 Qxf3 25. Nd4 Qxf2 26. Ne4 Qg2 27. Bxh2 Qxh2 28. P@f6 
P@e2 29. Nxe2 Qxe2 30. fxg7 Bxg7 31. P@h6 B@e3+ 32. Bxe3 Qxe3+ 33. Rd2 N@e2+ 
34. Kd1 Rxb1+ 35. B@c1 Rxc1# 
{tantheman checkmated} 0-1

[Event "fics rated crazyhouse match"]
[Site "fics, Oklahoma City, OK USA"]
[Date "2000.12.02"]
[White "LINDEGREN"]
[WhiteElo "2396"]
[Black "pminear"]
[BlackElo "2532"]
[TimeControl "60+0"]
[Result "0-1"]

1. e4 e5 2. Nc3 Nc6 3. Bc4 Bc5 4. Nf3 Nf6 5. O-O O-O 6. d3 
d6 7. h3 Nd4 8. Nxd4 Bxd4 9. Ne2 Bb6 10. N@f5 Bxf5 11. exf5 N@h4 
12. B@g3 Nxg2 13. Kxg2 P@g4 14. hxg4 Nxg4 15. P@h3 P@f3+ 16. Kxf3 N@h2+ 17. Kg2 
Nxf1 18. Qxf1 Nxf2 19. Bxf2 Bxf2 20. Qxf2 d5 21. P@h6 R@g5+ 22. Bxg5 Qxg5+ 
23. N@g4 dxc4 24. hxg7 B@c6+ 25. P@e4 Qxg7 26. B@f6 P@f3+ 27. Qxf3 B@h6 28. N@e7+ 
Kh8 29. Bxg7+ Bxg7 30. P@h6 Bxh6 31. Nxh6 B@f6 32. N@g4 B@g5 33. Ng6+ hxg6 
34. fxg6 fxg6 35. P@f7 N@h4+ 36. Kh1 Nxf3 37. R@g8+ Rxg8 38. fxg8=Q+ Rxg8 
{LINDEGREN forfeits on time} 0-1

[Event "fics rated crazyhouse match"]
[Site "fics, Oklahoma City, OK USA"]
[Date "2000.12.02"]
[White "pminear"]
[WhiteElo "2537"]
[Black "LINDEGREN"]
[BlackElo "2391"]
[TimeControl "60+0"]
[Result "1-0"]

1. e4 Nf6 2. Nc3 Nc6 3. d4 d5 4. exd5 Nxd5 5. Nf3 e6 6. Bd3 
Bb4 7. Bd2 P@a3 8. Nxd5 Bxd2+ 9. Qxd2 axb2 10. Nxc7+ Qxc7 11. Rd1 B@c1 
12. Qe2 N@c3 13. N@b5 Nxb5 14. Bxb5 N@c3 15. Bxc6+ bxc6 16. B@g3 P@d6 17. P@c5 
Nxe2 18. Bxd6 Nf4 19. Bxf4 Bxf4 20. N@d6+ Bxd6 21. cxd6 B@b4+ 22. P@d2 Bxd6 
23. P@e5 N@f4 24. B@f1 Bxe5 25. dxe5 P@h3 26. N@d6+ Kd7 27. N@c5+ Kd8 28. B@g5+ 
B@e7 29. Bxf4 hxg2 30. Nxf7+ Ke8 31. N@d6+ Kf8 32. Bxg2 P@e2 33. Kxe2 P@g4 
34. P@h6 gxf3+ 35. Bxf3 N@d4+ 36. Kf1 Bxd6 37. hxg7+ Kxf7 38. gxh8=N+ Ke7 39. R@f7+ 
Kd8 40. Rf8# 
{LINDEGREN forfeits on time} 1-0

[Event "fics rated crazyhouse match"]
[Site "fics, Oklahoma City, OK USA"]
[Date "2000.12.02"]
[White "LINDEGREN"]
[WhiteElo "2386"]
[Black "pminear"]
[BlackElo "2542"]
[TimeControl "60+0"]
[Result "0-1"]

1. e4 e5 2. Nf3 Nc6 3. d4 exd4 4. Nxd4 Nf6 5. Nxc6 bxc6 6. Bd3 
d6 7. N@f5 Bxf5 8. exf5 Qe7+ 9. Qe2 N@h4 10. P@e6 N@d4 11. exf7+ Kd8 
12. Qxe7+ Bxe7 13. P@b7 Nxg2+ 14. Kd1 Rb8 15. B@a6 Q@f3+ 16. Be2 Qxf5 17. Q@c8+ 
Rxc8 18. bxc8=Q+ Qxc8 19. Bxc8 P@f3 20. R@e8+ Rxe8 21. fxe8=Q+ Kxe8 22. Bxf3 R@d8 
23. P@d7+ Nxd7 24. R@g8+ Kf7 25. Rxd8 Bxd8 26. Bxd7 R@e7 27. N@g5+ Kg8 28. R@f8+ 
Kxf8 29. Nxh7+ Kg8 30. P@g6 P@e2# 
{LINDEGREN forfeits on time} 0-1

[Event "fics rated crazyhouse match"]
[Site "fics, Oklahoma City, OK USA"]
[Date "2000.12.02"]
[White "pminear"]
[WhiteElo "2547"]
[Black "LINDEGREN"]
[BlackElo "2381"]
[TimeControl "60+0"]
[Result "1-0"]

1. e4 Nf6 2. e5 Nc6 3. exf6 gxf6 4. d4 d5 5. Nc3 Rg8 6. Qh5 
Nxd4 7. Bd3 P@e4 8. Qxh7 Rg7 9. Qxg7 Bxg7 10. N@h5 Q@g8 11. Nxg7+ Qxg7 
12. B@h6 Qxg2 13. R@f8+ Kd7 14. Rxd8+ Kxd8 15. Q@f8+ N@e8 16. Qxf7 exd3 17. Bce3 
Nxc2+ 18. Kd2 Nxa1 19. Nxd5 R@d1+ 20. Kxd1 B@c2+ 21. Kd2 R@d1+ 22. Kc3 P@b4+ 
23. Nxb4 Bd7 24. Qxe8+ Bxe8 25. N@e6# 
{LINDEGREN forfeits on time} 1-0

[Event "fics rated crazyhouse match"]
[Site "fics, Oklahoma City, OK USA"]
[Date "2000.12.02"]
[White "LINDEGREN"]
[WhiteElo "2377"]
[Black "pminear"]
[BlackElo "2551"]
[TimeControl "60+0"]
[Result "0-1"]

1. e4 e5 2. Nf3 Nc6 3. Bc4 Bc5 4. O-O Nf6 5. d3 O-O 6. Nc3 
d6 7. Nd5 Bg4 8. h3 Bxf3 9. Qxf3 Nxd5 10. exd5 Nd4 11. Qg4 N@h6 
12. Qh5 N@f4 13. Bxf4 exf4 14. B@g5 B@f6 15. Bxh6 gxh6 16. N@g4 B@g7 17. Nxh6+ 
Bxh6 18. Qxh6 Bg7 19. Qh5 N@g3 20. Qg4 Nde2+ 21. Kh2 Nxf1+ 22. Rxf1 R@g6 
23. Qf3 Qh4 24. Qxe2 Bxf2 25. N@f5 Bg3+ 26. Kh1 Qg5 27. N@e7+ Kh8 28. Nxg6+ 
hxg6 29. P@h6 Bxh6 30. Nxh6 Qxh6 31. B@f6+ P@g7 32. N@g4 Qh7 33. R@h6 Qxh6 
34. Nxh6 R@h2+ 35. Kg1 P@f2+ 36. Rxf2 Bxf2+ 37. Kxf2 N@h1+ 38. Kf3 R@g3+ 39. Kxf4 
N@h5# 
{LINDEGREN forfeits on time} 0-1

[Event "fics rated crazyhouse match"]
[Site "fics, Oklahoma City, OK USA"]
[Date "2000.12.02"]
[White "pminear"]
[WhiteElo "2555"]
[Black "LINDEGREN"]
[BlackElo "2373"]
[TimeControl "60+0"]
[Result "0-1"]

1. e4 e6 2. Nc3 Nf6 3. e5 Nd5 4. Nxd5 exd5 5. d4 d6 6. Nf3 
Nc6 7. Bb5 Bd7 8. Qe2 N@e4 9. c4 a6 10. Ba4 b5 11. cxb5 axb5 
12. Bxb5 P@g4 13. Bxc6 Bxc6 14. exd6 Bxd6 15. Ne5 Bxe5 16. dxe5 P@f3 17. gxf3 
B@g2 18. e6 O-O 19. exf7+ Rxf7 20. B@e6 Bxh1 21. Bxf7+ Kh8 22. Bh5 N@e5 
23. P@h6 R@g1+ 24. N@f1 Rxf1+ 25. Qxf1 N@d3+ 26. Kd1 P@c2+ 27. Kxc2 Nb4+ 28. Kb1 
gxh6 29. P@g7+ Kxg7 30. N@f5+ Kf6 31. P@g5+ Kxf5 32. fxe4+ Ke6 33. N@c5+ Kd6 
34. R@e6+ Kxc5 35. P@d4+ Kb6 36. P@c5+ Kb7 37. P@a6+ Kb8 
{pminear forfeits on time} 0-1

[Event "fics rated crazyhouse match"]
[Site "fics, Oklahoma City, OK USA"]
[Date "2000.12.02"]
[White "LINDEGREN"]
[WhiteElo "2385"]
[Black "pminear"]
[BlackElo "2543"]
[TimeControl "60+0"]
[Result "0-1"]

1. e4 e5 2. Nf3 Nc6 3. Bc4 Bc5 4. O-O Nf6 5. Bxf7+ Kxf7 6. Ng5+ 
Kf8 7. d3 B@h5 8. P@f3 d6 9. Nc3 h6 10. Nh3 Bxh3 11. gxh3 Nd4 
12. B@g2 N@h4 13. Be3 Ndxf3+ 14. Kh1 Nxg2 15. Bxc5 Nf4 16. Rg1 B@e6 17. B@g4 
Bhxg4 18. hxg4 Nxg1 19. Qxg1 B@f3+ 20. B@g2 Nxg2 21. Qxg2 Bxg2+ 22. Kxg2 P@f3+ 
23. Kxf3 Bxg4+ 24. Ke3 Q@f4# 
{LINDEGREN checkmated} 0-1

[Event "fics rated crazyhouse match"]
[Site "fics, Oklahoma City, OK USA"]
[Date "2000.12.02"]
[White "pminear"]
[WhiteElo "2548"]
[Black "LINDEGREN"]
[BlackElo "2380"]
[TimeControl "60+0"]
[Result "1-0"]

1. e4 Nf6 2. e5 Nd5 3. d4 e6 4. Nf3 d6 5. Be2 Nc6 6. O-O 
Bd7 7. c4 Nb6 8. Nc3 Be7 9. exd6 Bxd6 10. c5 Nd5 11. Nxd5 exd5 
12. cxd6 cxd6 13. B@h4 f6 14. N@h5 Rg8 15. P@h6 N@e4 16. hxg7 P@g6 17. Nxf6+ 
Nxf6 18. Bxf6 Qxf6 19. Bg5 Qf7 20. N@f6+ Qxf6 21. Bxf6 N@f7 22. Ng5 B@b6 
23. Nxf7 Kxf7 24. N@g5+ Kxf6 25. Q@f7+ Kxg5 26. Qd2# 
{LINDEGREN resigns} 1-0

[Event "fics rated crazyhouse match"]
[Site "fics, Oklahoma City, OK USA"]
[Date "2000.12.02"]
[White "LINDEGREN"]
[WhiteElo "2376"]
[Black "pminear"]
[BlackElo "2552"]
[TimeControl "60+0"]
[Result "0-1"]

1. e4 e5 2. Nf3 Nc6 3. d4 exd4 4. Nxd4 Nf6 5. Nxc6 bxc6 6. Bd3 
d6 7. Nc3 N@e5 8. N@f5 Bxf5 9. exf5 Qe7 10. P@e6 fxe6 11. fxe6 Qxe6 
12. Be3 P@d4 13. O-O dxe3 14. fxe3 B@b6 15. P@d4 Nxd3 16. Qxd3 B@g6 17. P@f5 
Bxf5 18. Rxf5 P@e4 19. Rxf6 gxf6 20. Nxe4 P@f5 21. N@f4 Qe7 22. P@e6 O-O-O 
23. B@a8 P@b7 24. Bxb7+ Kxb7 25. P@a6+ Kb8 26. N@b4 B@a8 27. B@b7 Bxb7 28. axb7 
N@a5 29. Nxc6+ Nxc6 30. Nxf6 Qxf6 31. B@a6 N@f3+ 32. Kh1 Rg8 33. gxf3 Na5 
{LINDEGREN forfeits on time} 0-1

[Event "fics rated crazyhouse match"]
[Site "fics, Oklahoma City, OK USA"]
[Date "2000.12.02"]
[White "pminear"]
[WhiteElo "2556"]
[Black "LINDEGREN"]
[BlackElo "2372"]
[TimeControl "60+0"]
[Result "0-1"]

1. e4 e6 2. Nc3 d5 3. exd5 exd5 4. Bb5+ Nc6 5. Qe2+ P@e6 6. Nf3 
Nf6 7. Ne5 Bd7 8. Bxc6 bxc6 9. Nxf7 Kxf7 10. N@g5+ Ke7 11. P@f5 N@f4 
12. Qf3 B@d6 13. fxe6 Nxe6 14. Nxe6 Bxe6 15. P@g5 N@d4 16. gxf6+ gxf6 17. Qd1 
Rg8 18. P@e3 Nf5 19. N@g3 Nh4 20. Rg1 P@e4 21. N@f4 Bxf4 22. exf4 P@h3 
23. B@f1 hxg2 24. Bxg2 Nxg2+ 25. Rxg2 B@f3 26. N@f5+ Kd7 27. Qxf3 exf3 28. B@b7 
fxg2 29. Bxc6+ Kxc6 30. P@b5+ Kd7 31. P@c6+ Ke8 32. d4 g1=Q+ 33. Nf1 P@g2 
34. Be3 gxf1=Q+ 35. Kd2 N@c4# 
{pminear checkmated} 0-1

[Event "fics rated crazyhouse match"]
[Site "fics, Oklahoma City, OK USA"]
[Date "2000.12.02"]
[White "LINDEGREN"]
[WhiteElo "2384"]
[Black "pminear"]
[BlackElo "2544"]
[TimeControl "60+0"]
[Result "0-1"]

1. e4 e5 2. Nc3 Nc6 3. Nf3 Bc5 4. Bc4 Nf6 5. O-O O-O 6. d3 
d6 7. Be3 Bg4 8. h3 Bxf3 9. Qxf3 N@d4 10. Bxd4 Nxd4 11. Qd1 B@h5 
12. B@g4 Nxg4 13. hxg4 Bg6 14. N@f5 Bxf5 15. exf5 Qh4 16. B@g3 Qxg3 17. fxg3 
N@e3 18. f6 gxf6 19. N@h6+ Kh8 20. Rxf6 B@g6 21. Qe1 B@g7 22. Rxg6 hxg6 
23. Nxf7+ Rxf7 24. Bxf7 N@f3+ 25. Kf2 Nxg4+ 26. Kf1 R@g1# 
{LINDEGREN checkmated} 0-1

[Event "fics rated crazyhouse match"]
[Site "fics, Oklahoma City, OK USA"]
[Date "2000.12.02"]
[White "pminear"]
[WhiteElo "2549"]
[Black "LINDEGREN"]
[BlackElo "2379"]
[TimeControl "60+0"]
[Result "1-0"]

1. e4 e6 2. Nc3 Nf6 3. e5 Nd5 4. Nxd5 exd5 5. d4 d6 6. Nf3 
Nc6 7. Bb5 Bd7 8. Qe2 Be7 9. Bxc6 bxc6 10. exd6 cxd6 11. P@h6 P@e4 
12. hxg7 Rg8 13. N@h5 N@e6 14. P@f6 exf3 15. fxe7 fxe2 16. exd8=Q+ Kxd8 17. B@f6+ 
Kc7 18. N@a6+ Kb7 19. Be3 B@b5 20. Ng3 Kxa6 21. a4 Q@f1+ 22. Rxf1 exf1=Q+ 
23. Nxf1 R@e2+ 24. Kd1 N@c3+ 25. bxc3 N@b2+ 26. Kc1 Nd3+ 27. cxd3 P@b2+ 28. Kd1 
bxa1=Q+ 29. Kxe2 Nxd4+ 30. Bfxd4 Bg4+ 31. f3 R@e1+ 32. Kf2 Rxf1+ 33. Kg3 N@h1+ 
34. Kxg4 Rxg7+ 35. Kh5 P@g6+ 36. Kh6 
{LINDEGREN forfeits on time} 1-0

[Event "fics rated crazyhouse match"]
[Site "fics, Oklahoma City, OK USA"]
[Date "2000.12.02"]
[White "LINDEGREN"]
[WhiteElo "2375"]
[Black "pminear"]
[BlackElo "2553"]
[TimeControl "60+0"]
[Result "0-1"]

1. e4 e5 2. Nf3 Nc6 3. d4 exd4 4. Nxd4 Nf6 5. Nxc6 bxc6 6. Bd3 
d6 7. N@f5 Bxf5 8. exf5 Qe7+ 9. Be3 P@f4 10. O-O fxe3 11. fxe3 Qxe3+ 
12. P@f2 Qe7 13. B@b7 Rd8 14. Bxc6+ P@d7 15. Bxd7+ Qxd7 16. Re1+ N@e5 17. P@e6 
fxe6 18. fxe6 Qxe6 19. P@f5 N@f3+ 20. Kh1 Qe7 21. gxf3 B@h3 22. N@f4 P@g2+ 
23. Nxg2 Bxg2+ 24. Kg1 Nxf3+ 25. Kxg2 N@h4+ 26. Kh3 B@g4+ 27. Kg3 P@f4+ 28. Kxf4 
P@g5+ 29. Kg3 Nxe1 30. B@e6 R@g2# 
{LINDEGREN checkmated} 0-1

[Event "fics rated crazyhouse match"]
[Site "fics, Oklahoma City, OK USA"]
[Date "2000.12.02"]
[White "pminear"]
[WhiteElo "2557"]
[Black "LINDEGREN"]
[BlackElo "2371"]
[TimeControl "60+0"]
[Result "1-0"]

1. e4 e6 2. Nc3 Nf6 3. e5 Nd5 4. Nxd5 exd5 5. d4 d6 6. Nf3 
Nc6 7. Bb5 Be7 8. Qe2 O-O 9. Bxc6 bxc6 10. N@h6+ gxh6 11. Bxh6 B@e4 
12. Bxf8 Qxf8 13. P@f6 B@d8 14. fxe7 Bxe7 15. B@f6 P@g7 16. Bxg7 Qxg7 17. P@f6 
Bxf6 18. exf6 Qxf6 19. B@g5 Qg7 20. N@h6+ Kh8 21. R@e8+ B@f8 22. Rxe4 N@h5 
23. Rh4 P@f6 24. Rxh5 fxg5 25. Rxg5 P@g6 26. N@e8 Qxh6 27. B@f6+ B@g7 28. Nxg7 
Bxg7 29. P@e7 N@e8 30. Bxg7+ Qxg7 31. B@f8 Qg8 32. B@g7+ Nxg7 33. Bxg7+ Qxg7 
34. e8=Q# 
{LINDEGREN forfeits on time} 1-0

[Event "fics rated crazyhouse match"]
[Site "fics, Oklahoma City, OK USA"]
[Date "2000.12.02"]
[White "LINDEGREN"]
[WhiteElo "2367"]
[Black "pminear"]
[BlackElo "2561"]
[TimeControl "60+0"]
[Result "1-0"]

1. e4 e5 2. Nf3 Nc6 3. Bc4 Bc5 4. O-O Nf6 5. h3 d6 6. d3 
O-O 7. Nc3 Nd4 8. Bg5 Nxf3+ 9. Qxf3 N@d4 10. Qd1 Be6 11. Bxf6 Qxf6 
12. N@g4 Bxg4 13. Qxg4 B@f3 14. gxf3 Nxf3+ 15. Kh1 N@h4 16. Nd5 P@g2+ 17. Qxg2 
Nxg2 18. Nxf6+ Kh8 19. B@g3 Q@h6 20. B@g4 Nf4 21. Bxf4 exf4 22. P@g2 Qxf6 
23. Bxf3 N@h4 24. N@g4 Qg5 25. Bxf7 Bxf2 26. N@e6 Rxf7 27. Nxg5 B@g6 28. Nxf7+ 
Bxf7 29. P@h6 N@g5 30. hxg7+ Kxg7 31. Q@f6+ Kf8 32. R@h8# 
{pminear forfeits on time} 1-0